 Dungeon Crawl Stone Soup version 0.18-a0-952-g309898a (webtiles) character file.

213 Jmtri7 the Sneak (level 5, -1/37 HPs)
             Began as an Octopode Hunter on Jan 1, 2016.
             Was an Initiate of Cheibriados.
             Slain by a gnoll (2 damage)
             ... on level 4 of the Dungeon.
             The game lasted 00:08:07 (1757 turns).

Jmtri7 the Sneak (Octopode Hunter)                  Turns: 1757, Time: 00:08:07

Health: -1/37      AC:  1    Str: 12    XL:     5   Next: 90%
Magic:  5/5        EV: 14    Int: 20    God:    Cheibriados [......]
Gold:   78         SH:  0    Dex: 14    Spells: 0 memorised, 4 levels left

rFire  . . .     SeeInvis .     o - +0 mace (crush)
rCold  . . .     Gourm    .     (no shield)
rNeg   . . .     Faith    .     (helmet restricted)
rPois  .         Spirit   .     (no amulet)
rElec  .         Dismiss  .     (no ring)
rCorr  .         Reflect  .     (no ring)
SustAt .         Harm     .     (no ring)
MR     .....                    (no ring)
Stlth  ++++......               (no ring)
                                (no ring)
                                (no ring)
                                (no ring)

@: brilliant, very slow, not resistant to hostile enchantments, stealthy
A: almost no armour, amphibious, 8 rings, constrict 8, camouflage 1, gelatinous
body 1
a: Bend Time, Renounce Religion


You were on level 4 of the Dungeon.
You worshipped Cheibriados.
Cheibriados was noncommittal.
You were not hungry.

You visited 1 branch of the dungeon, and saw 4 of its levels.

You collected 78 gold pieces.

Inventory:

Hand Weapons
 a - a +1 shortbow
 b - a +0 short sword
 i - a +0 whip of venom
 o - a +0 mace of crushing (weapon)
Missiles
 c - 24 arrows
 e - 74 stones (quivered)
Scrolls
 f - 3 scrolls of identify
 g - 2 scrolls of remove curse
 l - 2 scrolls of blinking {unknown}
 n - a scroll of magic mapping {unknown}
 p - a scroll of teleportation {unknown}
Potions
 m - a potion of agility {unknown}
Books
 j - a book of the Sky

   Spells                             Type                      Level
   a - Summon Lightning Spire         Summoning/Air                4
   b - Airstrike                      Air                          4
   c - Silence                        Hexes/Air                    5
   d - Deflect Missiles               Charms/Air                   6
   e - Conjure Ball Lightning         Conjuration/Air              6
   f - Tornado                        Air                          9
Comestibles
 d - a bread ration
 h - 5 fruits


   Skills:
 + Level 3.8 Fighting
 - Level 4.0 Bows
 + Level 3.8 Dodging
 + Level 4.4 Stealth


You had 4 spell levels left.
You didn't know any spells.

Dungeon Overview and Level Annotations

Branches:
Dungeon (4/15)
 Temple: D:4-7

Altars:
Cheibriados


Innate Abilities, Weirdness & Mutations

You cannot wear most types of armour.
You are amphibious.
You can wear up to eight rings at the same time.
You can use your tentacles to constrict eight enemies at once.
Your skin changes colour to match your surroundings (Stealth).
Your rubbery body absorbs attacks (AC +1).


Message History

Cheibriados appreciates the change of pace.
You hit the gnoll. You grab the gnoll.
You squeeze the gnoll, but do no damage.
The gnoll is heavily wounded.
You constrict the gnoll.
The gnoll struggles to escape constriction.
The gnoll escapes!
The gnoll misses you. The gnoll barely misses you.
Items here: )))) [[[ ††††† You barely miss the gnoll.
You grab the gnoll.
The gnoll is almost dead.
You constrict the gnoll.
You kill the gnoll!
Cheibriados thoroughly appreciates the change of pace.
The gnoll closely misses you. The gnoll hits you.
* * * LOW HITPOINT WARNING * * *
It was a potion of brilliance.
You feel clever all of a sudden. The gnoll hits you.
You die...

#.# #.#####.#
#.>......
#.#####..
##.#####..
#.......# .
##.###.###.
... #.# #.#.#
#####..... #.#
#...#
#)@gg...=. #.#
#.#.#
#.#######. #.#
#.#.# #.# #.#
#.#.###.#
#.####.......#
#........#####
##########


You could see 2 gnolls.

Vanquished Creatures
  An iguana (D:4)
  2 orc wizards
  Jessica (D:3)
  Terence (D:2)
  An adder (D:2)
  2 gnolls (D:4)
  An ooze (D:2)
  A worm (D:2)
  8 orcs
  4 bats
  3 giant cockroaches
  4 goblins
  5 hobgoblins
  A giant newt (D:2)
  5 kobolds
  3 rats (D:1)
43 creatures vanquished.

Notes
Turn   | Place    | Note
--------------------------------------------------------------
     0 | D:1      | Jmtri7 the Octopode Hunter began the quest for the Orb.
     0 | D:1      | Reached XP level 1. HP: 14/14 MP: 1/1
   230 | D:1      | Reached XP level 2. HP: 19/19 MP: 2/2
   809 | D:2      | Reached XP level 3. HP: 18/25 MP: 3/3
  1136 | D:2      | Noticed Terence
  1149 | D:2      | Killed Terence
  1186 | D:2      | Reached XP level 4. HP: 27/30 MP: 4/4
  1364 | D:3      | Noticed Jessica
  1368 | D:3      | Killed Jessica
  1454 | D:3      | Reached XP level 5. HP: 10/36 MP: 5/5
  1659 | D:3      | Found a snail-covered altar of Cheibriados.
  1666 | D:3      | Became a worshipper of Cheibriados the Contemplative
  1756 | D:4      | HP: 1/37 [gnoll (6)]
  1757 | D:4      | Slain by a gnoll

Vault maps used:
D:1:      dpeg_arrival_rooms_a
D:2:      minivault_24, nicolae_underground_beach, uniq_terence
D:3:      cheibriados_altar_1, uniq_jessica
D:4:      first_bread

Action                   |  1- 3 |  4- 6 || total
-------------------------+-------+-------++-------
Melee: Whip              |    15 |    31 ||    46
       Short sword       |    34 |       ||    34
       Mace              |       |    22 ||    22
 Fire: Shortbow          |     9 |       ||     9
Throw: Stone             |     4 |       ||     4
  Use: Scroll            |     2 |       ||     2
       Potion            |       |     1 ||     1
 Stab: Sleeping          |     6 |     4 ||    10
  Eat: Bread ration      |       |     1 ||     1
